 Dungeon Crawl Stone Soup version 0.21.1-1-g345015fe64 (webtiles) character file.

21 Oravi the Changer (level 2, -4/21 HPs)
             Began as a Merfolk Transmuter on May 29, 2018.
             Slain by a kobold
             ... wielding a +2 dagger of electrocution
              (8 damage)
             ... on level 1 of the Dungeon.
             The game lasted 00:01:37 (567 turns).

Oravi the Changer (Merfolk Transmuter)               Turns: 567, Time: 00:01:37

Health: -4/21      AC:  2    Str: 10    XL:     2   Next: 87%
Magic:  4/5        EV: 13    Int: 12    God:
Gold:   35         SH:  0    Dex: 14    Spells: 4/5 levels left

rFire    . . .     SeeInvis .     - Unarmed
rCold    . . .     Gourm    .   (no shield)
rNeg     . . .     Faith    .   b - +0 robe
rPois    .         Spirit   .   (no helmet)
rElec    .         Reflect  .   (no cloak)
rCorr    .         Harm     .   (no gloves)
MR       .....                  (no boots)
Stlth    +.........             (no amulet)
HPRegen  0.07/turn              (no ring)
MPRegen  0.09/turn              (no ring)

@: appendage (expiring)
A: change form in water, swift swim, stealthy swim, horns 2
a: End Transformation


You were on level 1 of the Dungeon.
You were not hungry.
You had grown temporary horns.
You visited 1 branch of the dungeon, and saw 1 of its levels.

You collected 35 gold pieces.

Inventory:

Missiles
 a - 12 arrows
Armour
 b - a +0 robe (worn)
Scrolls
 e - a scroll of blinking {unknown}
 g - a scroll of identify {unknown}
Books
 c - a book of Changes

   Spells                             Type                      Level
   a - Beastly Appendage              Transmutation                1
   b - Sticks to Snakes               Transmutation                2
   c - Spider Form                    Transmutation/Poison         3
   d - Ice Form                       Ice/Transmutation            4
   e - Blade Hands                    Transmutation                5
Comestibles
 d - 2 rations
 f - 3 chunks of flesh


   Skills:
 - Level 1.1 Fighting
 - Level 2.6 Dodging
 - Level 3.2 Unarmed Combat
 - Level 2.0 Spellcasting
 + Level 4.4 Transmutations


You had 4 spell levels left.
You knew the following spells:

 Your Spells              Type           Power        Failure   Level  Hunger
a - Beastly Appendage     Tmut           ##....       4%          1    ##.....


Dungeon Overview and Level Annotations

Branches:
Dungeon (1/15)

Altars:


Innate Abilities, Weirdness & Mutations

You revert to your normal form in water.
You are very nimble and swift while swimming.
You are very stealthy in the water. (Stealth+)
You have a pair of horns on your head.


Message History

The slug dart misses you.
You hit the hobgoblin but do no damage. Your headbutt misses the hobgoblin.
The hobgoblin hits you.
You hit the hobgoblin.
The hobgoblin is moderately wounded.
Your transformation is almost over.
The kobold barely misses you. The hobgoblin hits you.
There is an open door here.
You hit the kobold.
The kobold is heavily wounded.
The kobold hits you with a dagger of electrocution.
You are electrocuted!
Ouch! That really hurt!
* * * LOW HITPOINT WARNING * * *
You closely miss the kobold.
The kobold is heavily wounded.
The kobold hits you with a dagger of electrocution.
* * * LOW HITPOINT WARNING * * *
You are electrocuted!
You die...

#......<......# #.
#.............# ######.
#.............####...#..
##...........+#.##...#.#
##.........##..##...).#
##.......##.....#...##
##..g..##...##.#..##
#.###'#K###..........###
#....g#@#......##......#
#..w.##....###.)#...#...
#....#####.# ##........)
#...## ###.# ##...##...#
#... #...# #........รท#
#... #.#.# #..#.##.#..
.... #.#.# #..#.##....
.#... #...# #..#.#####.
##.### #..#.# #


You could see a hobgoblin and a kobold.

Vanquished Creatures
  An ooze (D:1)
  A bat (D:1)
  A giant cockroach (D:1)
  4 goblins (D:1)
  3 hobgoblins (D:1)
  A kobold (D:1)
  A frilled lizard (D:1)
  4 rats (D:1)
16 creatures vanquished.

Notes
Turn   | Place    | Note
-------+----------+-------------------------------------------
     0 | D:1      | Oravi the Merfolk Transmuter began the quest for the Orb.
     0 | D:1      | Reached XP level 1. HP: 15/15 MP: 3/3
    43 | D:1      | Reached skill level 3 in Transmutations
    68 | D:1      | Reached XP level 2. HP: 8/21 MP: 3/5
   248 | D:1      | Reached skill level 4 in Transmutations
   567 | D:1      | Slain by a kobold

Skill      XL: |  1  2 |
---------------+-------+-----
Transmutations | 3 4 |  4.4
Fighting       | |  1.1
Dodging        | |  2.6
Unarmed Combat | |  3.2
Spellcasting   | |  2.0

Action                   || total
-------------------------++-------
Melee: Unarmed           ||    54
       Headbutt          ||     7
       Punch             ||     1
 Cast: Beastly Appendage ||     9
Armor: Robe              ||     6
Dodge: Dodged            ||    29
